 Dungeon Crawl Stone Soup version 0.30-a0-779-g7971cf19c3 (webtiles) character file.

Game seed: 616393773430197747

18 porpoise the Sneak (level 2, 0/20 HPs)
             Began as a Gnoll Enchanter on Feb 18, 2023.
             Slain by Jessica
             ... wielding a +2 dagger of venom
              (4 damage)
             ... on level 2 of the Dungeon.
             The game lasted 00:03:00 (1170 turns).

porpoise the Sneak (Gnoll Enchanter)                Turns: 1170, Time: 00:03:01

Health: 0/20       AC:  2    Str:  7    XL:     2   Next: 66%
Magic:  7/7        EV: 13    Int: 14    God:
Gold:   22         SH:  0    Dex: 12    Spells: 8/10 levels left

rFire   . . .      SeeInvis .    a - +1 dagger
rCold   . . .      Faith    .    (no shield)
rNeg    + . .      Spirit   .    b - +0 robe
rPois   .          Reflect  .    (no helmet)
rElec   .          Harm     .    h - scarf {+Inv}
rCorr   .          Rampage  .    (no gloves)
Will    .....                    (no boots)
Stlth   +++                      (no amulet)
HPRegen 0.23/turn                g - ring of positive energy
MPRegen 0.10/turn                (no ring)

@: no status effects
A: fangs 1, strong nose, distributed training
a: Evoke Invisibility


You were on level 2 of the Dungeon.
You visited 1 branch of the dungeon, and saw 2 of its levels.

You collected 22 gold pieces.

Inventory:

Hand Weapons
 a - a +1 dagger (weapon)
Missiles
 f - 3 poisoned darts (quivered)
Armour
 b - a +0 robe (worn)
 h - a scarf of invisibility (worn)
Jewellery
 g - a ring of positive energy (left hand)
Scrolls
 d - a scroll of magic mapping {unknown}
 e - a scroll of fear {unknown}
 i - a scroll of noise {unknown}
 j - a scroll of identify {unknown}
 k - a scroll of blinking {unknown}
 m - a scroll of torment {unknown}
Potions
 c - 2 potions of invisibility
 l - 2 potions of degeneration {unknown}


   Skills:
 + Level 0.5 Fighting
 + Level 2.5 Short Blades
 + Level 0.5 Long Blades
 + Level 0.5 Axes
 + Level 0.5 Maces & Flails
 + Level 0.5 Polearms
 + Level 0.5 Staves
 + Level 0.5 Ranged Weapons
 + Level 0.5 Throwing
 + Level 0.5 Armour
 + Level 4.5 Dodging
 + Level 5.9 Stealth
 + Level 0.5 Shields
 + Level 0.5 Unarmed Combat
 + Level 4.9 Spellcasting
 + Level 0.3 Conjurations
 + Level 5.3 Hexes
 + Level 0.3 Summonings
 + Level 0.3 Necromancy
 + Level 0.3 Translocations
 + Level 0.3 Transmutations
 + Level 0.3 Fire Magic
 + Level 0.3 Ice Magic
 + Level 0.3 Air Magic
 + Level 0.3 Earth Magic
 + Level 0.3 Poison Magic
 + Level 0.6 Invocations
 + Level 0.5 Evocations


You had 8 spell levels left.
You knew the following spells:

 Your Spells              Type           Power      Damage    Failure   Level
e - Ensorcelled Hibernat  Hex/Ice        22%        N/A       9%          2

Your spell library contained the following spells:

 Spells                   Type           Power      Damage    Failure   Level
 Confusing Touch          Hex            18%        N/A       6%          3
 Tukima's Dance           Hex            18%        N/A       6%          3
 Dazzling Flash           Conj/Hex       22%        N/A       16%         3


Dungeon Overview and Level Annotations

Branches:
Dungeon (2/15)

Altars:

Shops:
D:1 (

Annotations:
D:2 Jessica


Innate Abilities, Weirdness & Mutations

You have very sharp teeth.
Your uncanny sense of smell can sniff out nearby items.
Your experience applies equally to all skills.


Message History

The ball python hisses angrily.
The bat hits you but does no damage.
Throw: 7 darts (poison)
Press: ? - help, Q - select action, (/) - cycle Shift-Dir - straight line, f/p - rat
Aim: a rat (heavily wounded, poisoned, 56% to hit)
You throw a poisoned dart. The poisoned dart hits the bat.
The bat is poisoned.
The bat hits you.
Jessica points at you and mumbles some strange words.
Pain shoots through your body!
Throw: 6 darts (poison)
Press: ? - help, Q - select action, (/) - cycle Shift-Dir - straight line, f - Jessica, p - rat
Aim: Jessica, wielding a +2 dagger of venom and wearing a +0 robe (spells empowered, 56% to hit)
You throw a poisoned dart. The poisoned dart misses the bat.
The poisoned dart closely misses Jessica.
You kill the rat!
The bat barely misses you.
Throw: 5 darts (poison)
Press: ? - help, Q - select action, (/) - cycle Shift-Dir - straight line, f/p - Jessica
Aim: Jessica, wielding a +2 dagger of venom and wearing a +0 robe (spells empowered, 56% to hit)
You throw a poisoned dart. The poisoned dart hits the bat.
The bat looks even sicker.
The bat hits you.
Jessica says, "I'm really upset."
Throw: 4 darts (poison)
Press: ? - help, Q - select action, (/) - cycle Shift-Dir - straight line, f/p - Jessica
Aim: Jessica, wielding a +2 dagger of venom and wearing a +0 robe (spells empowered, 56% to hit)
You throw a poisoned dart. The poisoned dart hits Jessica.
You kill the bat!
You hit Jessica.
Jessica is lightly wounded.
Jessica points at you and mumbles some strange words.
Pain shoots through your body!
You hit Jessica but do no damage.
Jessica is lightly wounded.
Jessica hits you with a +2 dagger of venom.
* * * LOW HITPOINT WARNING * * *
You hit Jessica but do no damage.
Jessica is lightly wounded.
Jessica hits you with a +2 dagger of venom.
You die...

.#(## ∆ ..(
∆ # .(. ∆
#..†. †#.##
∆ .S. #@#
##@##
##...##
##.....##
##.......##
#.........#
+.........+
∆ ∆
#.>.......#
##.......##
##.....##


You could see Jessica (empowered) and a ball python.

Vanquished Creatures
  A ball python (D:1)
  3 bats
  2 endoplasms (D:1)
  2 giant cockroaches (D:1)
  A hobgoblin (D:1)
  2 kobolds (D:1)
  A quokka (D:1)
  A frilled lizard (D:1)
  3 rats
16 creatures vanquished.

Notes
Turn   | Place    | Note
-------+----------+-------------------------------------------
     0 | D:1      | porpoise the Gnoll Enchanter began the quest for the Orb.
     0 | D:1      | Reached XP level 1. HP: 13/13 MP: 6/6
   203 | D:1      | Reached XP level 2. HP: 8/19 MP: 7/7
   251 | D:1      | Learned a level 2 spell: Ensorcelled Hibernation
   376 | D:1      | Found Zateduq's Weapon Emporium.
  1159 | D:2      | Noticed Jessica
  1170 | D:2      | Slain by Jessica

Illustrated notes

Levels and vault maps discovered:
D:1:      erik_arrival_blinker_ship, layout_basic, serial_shops, shop
D:2:      minmay_chambers_of_ones, layout_loops_corners,
          shapermc_ecumenical_altar_ellora, minmay_between, uniq_jessica

Action                     || total
---------------------------++-------
  Melee: Dagger            ||    52
         Bite              ||     6
         Punch             ||     3
  Throw: Dart              ||     7
   Cast: Ensorcelled Hiber ||     4
   Stab: Sleeping          ||     4
 Armour: Robe              ||    15
  Dodge: Dodged            ||    43

Table legend: (Time is in decaauts)
 A = Elapsed time spent in this place.
 B = Non-inter-level travel time spent in this place.
 C = Inter-level travel time spent in this place.
 D = Time resting spent in this place.
 E = Time spent auto-exploring this place.
 F = Levels seen in this place.
 G = Mean time per level.
                   A        B        C        D        E       F      G
               +--------+--------+--------+--------+--------+-----+--------+
         Total |   1162 |   1147 |     15 |    438 |    543 |   2 |  581.0 |
       Dungeon |   1162 |   1147 |     15 |    438 |    543 |   2 |  581.0 |
               +--------+--------+--------+--------+--------+-----+--------+

Top non-repeatable levels by time:
     D:1: 1129 daAuts
     D:2: 33 daAuts
